 Dungeon Crawl Stone Soup version 0.30-a0-222-ge547ba4400 (webtiles) character file.

Game seed: 1710768422809968675

731194 910rd the Conqueror (level 27, -48/199 HPs)
             Began as a Gargoyle Fighter on Oct 8, 2022.
             Was the Champion of the Shining One.
             Killed from afar by Cerebov (57 damage)
             ... with a great blast of fire
             ... in Pandemonium on Oct 9, 2022.
             The game lasted 05:50:57 (79366 turns).

910rd the Conqueror (Gargoyle Fighter)             Turns: 79366, Time: 05:50:57

Health: -48/199    AC: 60    Str: 31    XL:     27
Magic:  21/35      EV: 14    Int:  9    God:    the Shining One [******]
Gold:   6871       SH: 43    Dex: 24    Spells: 32/35 levels left

rFire   + + .      SeeInvis +    b - +9 broad axe (holy)
rCold   + . .      Faith    .    i - +5 tower shield {reflect}
rNeg    + + +      Spirit   .    O - +12 gold dragon scales
rPois   ∞          Reflect  +    (helmet restricted)
rElec   +          Harm     .    o - scarf {rC+ rF+}
rCorr   +          Rampage  .    E - +2 pair of gloves
Will    ++...      Rage     3%   n - +1 pair of boots of Wudegirch {Str+5 Dex-2}
Stlth   ..........               m - amulet of regeneration
HPRegen 1.33/turn                I - ring "Xuaqa" {rPois rF+++ Str-2 Dex+4 SInv}
MPRegen 0.24/turn                j - ring of Temptation {Contam rElec rC+ rCorr Dex+7}

@: divinely shielded, fire vulnerable, flying, glowing, unable to drink
A: sickness immunity, AC +20, big wings, negative energy resistance 1,
electricity resistance, torment resistance 1, petrification resistance, horns 1,
berserk 1, deformed body, deterioration 1, fire resistance 1, cold vulnerability
2, inability to drink after injury 1, MP-powered wands, noise suppression
}: 6/15 runes: decaying, serpentine, slimy, silver, abyssal, demonic
a: Renounce Religion, Divine Shield, Cleansing Flame, Summon Divine Warrior


You were in Pandemonium.
You worshipped the Shining One.
The Shining One was exalted by your worship.
You visited 12 branches of the dungeon, and saw 54 of its levels.
You visited Pandemonium 2 times, and saw 9 of its levels.
You visited the Abyss 2 times.
You visited 1 bazaar.
You also visited: Bailey, Ice Cave and Volcano.

You collected 11014 gold pieces.
You spent 4143 gold pieces at shops.

Inventory:

Hand Weapons
 b - a +9 broad axe of holy wrath (weapon)
 x - the +8 mithril axe "Arga" {speed, Will+}
   (You bought it in a shop on level 6 of the Dungeon)

   Attacks with this weapon are significantly faster.
   Will:      It increases your willpower.
Missiles
 a - 30 boomerangs of dispersal
 g - 10 curare-tipped darts
 y - 3 throwing nets
 T - 21 silver javelins (quivered)
Armour
 f - a +2 helmet
 i - a +5 tower shield of reflection (worn)
 n - the +1 pair of boots of Wudegirch (worn) {Str+5 Dex-2}
   (You found it on level 4 of the Dungeon)

   Str:       It affects your strength (+5).
   Dex:       It affects your dexterity (-2).
 o - a scarf of resistance (worn)
 t - a +2 cloak of willpower
 E - a +2 pair of gloves (worn)
 L - +0 pearl dragon scales
 N - the +8 orange crystal plate armour {Archmagi, Int+3 Clar}
   (You found it in a bailey)

   Int:       It affects your intelligence (+3).
   Clar:      It protects you against confusion.
 O - +12 gold dragon scales (worn)
Jewellery
 h - the amulet of Kulegu Xyel {Acrobat +Blink rElec rPois Int-5}
   (You bought it in a shop on level 2 of the Orcish Mines)

   [amulet of the acrobat]

   It increases your evasion while moving and waiting.
   Int:       It affects your intelligence (-5).
   rElec:     It insulates you from electricity.
   rPois:     It protects you from poison.
   +Blink:    It lets you blink.
 j - the ring of Temptation (right hand) {Contam rElec rC+ rCorr Dex+7}
   (You found it on level 5 of the Dungeon)

   [ring of protection from cold]

   Dex:       It affects your dexterity (+7).
   rC:        It protects you from cold.
   rElec:     It insulates you from electricity.
   Contam:    It causes magical contamination when unequipped.
   rCorr:     It protects you from acid and corrosion.
 m - an amulet of regeneration (around neck)
 I - the ring "Xuaqa" (left hand) {rPois rF+++ Str-2 Dex+4 SInv}
   (You took it off a draconian stormcaller on level 4 of the Realm of Zot)

   [ring of see invisible]

   Str:       It affects your strength (-2).
   Dex:       It affects your dexterity (+4).
   rF:        It renders you almost immune to fire.
   rPois:     It protects you from poison.
   SInv:      It lets you see invisible.
 U - the ring of Jickoiq {Fly rElec rC+ Dex+4}
   (You found it on level 3 of the Depths)

   [ring of flight]

   Dex:       It affects your dexterity (+4).
   rC:        It protects you from cold.
   rElec:     It insulates you from electricity.
   Fly:       It grants you flight.
 V - the ring of the Tortoise {AC+8}
   (You found it on level 9 of the Dungeon)

   [ring of protection]

   AC:        It affects your AC (+8).
Wands
 l - a wand of roots (57)
 A - a wand of paralysis (43)
 B - a wand of light (14)
 G - a wand of digging (8)
Scrolls
 c - 6 scrolls of fear
 k - 4 scrolls of immolation
 q - 3 scrolls of summoning
 r - 9 scrolls of blinking
 v - 8 scrolls of poison
 z - 2 scrolls of silence
 C - 23 scrolls of teleportation
 J - 4 scrolls of magic mapping
 Z - 8 scrolls of butterflies
Potions
 d - 6 potions of ambrosia
 e - 6 potions of resistance
 p - 19 potions of lignification
 s - 5 potions of haste
 u - 28 potions of curing
 w - 9 potions of mutation
 D - 3 potions of might
 F - 12 potions of attraction
 H - 10 potions of cancellation
 M - 11 potions of heal wounds
 Q - 13 potions of brilliance
 R - 2 potions of berserk rage
Miscellaneous
 K - a phial of floods
 P - a box of beasts
 W - a phantom mirror
 X - a condenser vane
 Y - a tin of tremorstones (1/2)


   Skills:
 O Level 27 Fighting
 - Level 18.0 Axes
 - Level 15.0 Throwing
 O Level 27 Armour
 - Level 10.0 Dodging
 - Level 23.0 Shields
 - Level 4.9 Spellcasting
 - Level 6.0 Translocations
 - Level 9.1 Transmutations
 - Level 9.0 Earth Magic
 - Level 16.0 Invocations
 + Level 13.0 Evocations


You had 32 spell levels left.
You knew the following spells:

 Your Spells              Type           Power      Damage    Failure   Level
a - Passwall              Tmut/Erth      15%        N/A       7%          2
b - Apportation           Tloc           26%        N/A       16%         1

Your spell library contained the following spells:

 Spells                   Type           Power      Damage    Failure   Level
 Wereblood                Tmut           18%        N/A       7%          2
 Blink                    Tloc           26%        N/A       24%         2
 Sting                    Tmut/Pois      40%        1d5       28%         1
 Petrify                  Tmut/Erth      18%        N/A       41%         4
 Gell's Gravitas          Tloc           13%        N/A       43%         3
 Lesser Beckoning         Tloc           26%        N/A       43%         3
 Teleport Other           Tloc           13%        N/A       43%         3
 Momentum Strike          Conj/Tloc      14%        3d8       63%         2
 Spider Form              Tmut/Pois      10%        N/A       65%         3
 Stone Arrow              Conj/Erth      20%        3d8       65%         3
 Blade Hands              Tmut           9%         N/A       77%         5
 Lee's Rapid Deconstruct  Erth           9%         3d8*      78%         5
 Ignite Poison            Fire/Tmut/Pois 7%         N/A       85%         3
 Manifold Assault         Tloc           13%        N/A       85%         4
 Passage of Golubria      Tloc           13%        N/A       85%         4
 Portal Projectile        Hex/Tloc       14%        N/A       86%         3
 Vhi's Electric Charge    Tloc/Air       14%        N/A       86%         3
 Foxfire                  Conj/Fire      8%         2x1d4     88%         1
 Kiss of Death            Conj/Necr      8%         2d6       88%         1
 Shock                    Conj/Air       8%         1d3       88%         1
 Slow                     Hex            8%         N/A       88%         1
 Kindle Blastsparks       Fire/Tloc/Air  10%        2d10      94%         3
 Ensorcelled Hibernation  Hex/Ice        4%         N/A       96%         2
 Poisonous Vapours        Pois/Air       4%         N/A       96%         2
 Searing Ray              Conj           4%         2d4       96%         2
 Static Discharge         Conj/Air       4%         2-3/arc   96%         2
 Animate Armour           Summ/Erth      20%        N/A       96%         4
 Leda's Liquefaction      Hex/Erth       5%         N/A       96%         4
 Call Canine Familiar     Summ           2%         N/A       99%         3
 Confusing Touch          Hex            2%         N/A       99%         3
 Dazzling Flash           Conj/Hex       4%         N/A       99%         3
 Inner Flame              Hex/Fire       2%         N/A       99%         3
 Mephitic Cloud           Conj/Pois/Air  2%         N/A       99%         3
 Ozocubu's Armour         Ice            2%         N/A       99%         3
 Summon Guardian Golem    Hex/Summ       2%         N/A       99%         3
 Swiftness                Air            2%         N/A       99%         3
 Tukima's Dance           Hex            2%         N/A       99%         3
 Iskenderun's Mystic Bla  Conj/Tloc      7%         2d4       99%         4
 Airstrike                Air            1%         2d(1-17)  100%        4
 Anguish                  Hex/Necr       1%         N/A       100%        4
 Cause Fear               Hex            1%         N/A       100%        4
 Dispel Undead            Necr           2%         3d7       100%        4
 Flame Wave               Conj/Fire      2%         2d4       100%        4
 Olgreb's Toxic Radiance  Pois           2%         N/A       100%        4
 Sticky Flame             Conj/Fire      2%         2d3       100%        4
 Summon Lightning Spire   Summ/Air       2%         N/A       100%        4
 Agony                    Necr           2%         N/A       100%        5
 Alistair's Intoxication  Tmut/Pois      6%         N/A       100%        5
 Arcjolt                  Conj/Air       1%         1d11      100%        5
 Borgnjor's Vile Clutch   Necr/Erth      5%         N/A       100%        5
 Fireball                 Conj/Fire      1%         3d3       100%        5
 Freezing Cloud           Conj/Ice/Air   1%         6-21      100%        5
 Irradiate                Conj/Tmut      5%         3d13      100%        5
 Iskenderun's Battlesphe  Conj           2%         2d6       100%        5
 Metabolic Englaciation   Hex/Ice        1%         N/A       100%        5
 Silence                  Hex/Air        1%         N/A       100%        5
 Summon Forest            Summ/Tloc      3%         N/A       100%        5
 Summon Mana Viper        Hex/Summ       2%         N/A       100%        5
 Yara's Violent Unravell  Hex/Tmut       5%         3d4       100%        5
 Dispersal                Tloc           6%         N/A       100%        6
 Eringya's Noxious Bog    Tmut/Pois      5%         N/A       100%        6
 Iron Shot                Conj/Erth      5%         9d2       100%        6
 Starburst                Conj/Fire      1%         6d3       100%        6
 Dragon Form              Tmut           9%         N/A       100%        7
 Enfeeble                 Hex            1%         N/A       100%        7
 Orb of Destruction       Conj           1%         9d5       100%        7
 Ozocubu's Refrigeration  Ice            1%         4d7       100%        7
 Spellforged Servitor     Conj/Summ      1%         N/A       100%        7
 Storm Form               Tmut/Air       5%         N/A       100%        7
 Summon Hydra             Summ           1%         N/A       100%        7
 Discord                  Hex            1%         N/A       100%        8
 Disjunction              Tloc           6%         N/A       100%        8
 Lehudib's Crystal Spear  Conj/Erth      5%         10d3      100%        8
 Maxwell's Capacitive Co  Air            1%         ∞         100%        8
 Chain Lightning          Conj/Air       1%         3d1       100%        9
 Dragon's Call            Summ           1%         N/A       100%        9
 Fire Storm               Conj/Fire      1%         7d1       100%        9
 Shatter                  Erth           9%         3d11*     100%        9
 Cigotuvi's Dreadful Rot  Necr/Pois/Air  Unusable   N/A       N/A         2
 Sublimation of Blood     Necr           Unusable   N/A       N/A         2
 Statue Form              Tmut/Erth      Unusable   N/A       N/A         6

Dungeon Overview and Level Annotations

Branches:
Dungeon (15/15) Zot: 21783  Temple (1/1) D:5 Zot: 5902    Lair (5/5) D:11 Zot: 22786
  Swamp (4/4) Lair:2 Zot: 20417   Snake (4/4) Lair:2 Zot: 16978   Slime (5/5) Lair:4 Zot: 26110
    Orc (2/2) D:10 Zot: 9458     Elf (3/3) Orc:2 Zot: 12209  Vaults (5/5) D:14 Zot: 20687
  Crypt (0/3) Vaults:3     Depths (4/4) D:15 Zot: 17858    Hell (visited)
    Dis (0/7) Hell            Geh (0/7) Hell            Coc (0/7) Hell
    Tar (0/7) Hell            Zot (5/5) Depths:4 Zot: 23496  Bailey (visited)
  IceCv (visited)         Volcano (visited)

Altars:
Ashenzari
Cheibriados
Dithmenos
Elyvilon
Fedhas
Gozag
Hepliaklqana
Kikubaaqudgha
Makhleb
Nemelex Xobeh
Okawaru
Qazlal
Ru
Sif Muna
Trog
Uskayaw
Vehumet
Wu Jian
Xom
Yredelemnul
Zin
The Shining One
Jiyva

Shops:
D:1 :   D:5 (**   D:6 (   D:15 *   Orc:1 ?   Orc:2 :!=[   Elf:1 (   Snake:4 *
Vaults:3 [   Vaults:4 (?:   Depths:1 (:   Depths:3 ==:

Portals:
Hell: Depths:1 Depths:2 Depths:3 Depths:4
Abyss: Depths:1 Depths:3
Pandemonium: Depths:2 Depths:3
Ziggurat: Depths:4

Annotations:
Elf:2 3 runed translucent doors
Pan Cerebov


Innate Abilities, Weirdness & Mutations

You are immune to sickness and miasma.
Your stone body is resilient. (AC +20)
You are immune to poison.
Your large and strong wings let you fly.
You resist negative energy. (rN+)
You are resistant to electric shocks. (rElec)
You are resistant to unholy torment.
You are immune to petrification.
You have a pair of small horns on your head.
You sometimes lose your temper in combat.
Armour fits poorly on your strangely shaped body.
Your body sometimes deteriorates upon taking damage.
Your flesh is heat resistant. (rF+)
You are very vulnerable to cold. (rC--)
You occasionally lose the ability to drink potions when taking damage.
You expend magic power (3 MP) to strengthen your wands.
You passively dampen the noise of your surroundings.


Message History

The golden flame engulfs the balrug!!!
The balrug writhes in agony!
You kill the balrug!
The balrug disappears in a puff of smoke!
The golden flame engulfs the Brimstone Fiend!
The Brimstone Fiend writhes in agony!
The Brimstone Fiend is heavily wounded.
You are engulfed in blazing flames.
You resist.
Cerebov hits you with the +6 sword of Cerebov {flame}!!
* * * LOW HITPOINT WARNING * * *
Cerebov burns you.
* * * LOW HITPOINT WARNING * * *
The sword of Cerebov burns away your fire resistance.
You block the balrug's attack. You block the Brimstone Fiend's attack.
The Brimstone Fiend hits you but does no damage.
The Brimstone Fiend barely misses you.
You take 34 damage, and have 26/199 hp.
You now have 21/35 mp.
You cannot drink potions in your current state!
Unknown command.
Unknown command.
Blink to where?
Press: ? - help, Dir - move target
As you read the scroll of blinking, it crumbles to dust.
Cerebov is no longer moving quickly.
Cerebov gestures. x2
Cerebov seems to speed up.
You regained 2 hp, and now have 28/199 hp.
The tremorstone explodes into fragments!
The burst of rock shards engulfs the balrug!!
The burst of rock shards engulfs you but does no damage.
The burst of rock shards engulfs the balrug!!
You kill the balrug!
The balrug disappears in a puff of smoke!
The burst of rock shards engulfs you but does no damage.
The hellion gestures at you.
The sphere of damnation explodes!
The damnation engulfs you!!
* * * LOW HITPOINT WARNING * * *
Cerebov gestures at you.
A raging storm of fire appears!
The great blast of fire engulfs you!!! You partially resist.
You die...

...≈≈≈≈ ##### ##### ...§# #}}:#
#:=.# +++### #".)# #:..# .....##
#.[.# #).)# ......## ##'## ##§##
# .......#####≈.≈#######≈.≈#####
≈.
####...#≈≈≈≈§.§§§§≈≈≈§≈.≈§§≈§#≈≈.
".|#...'.)../....§........§.§§...
.:.'...).......§@§....2...§..'...
).:#...'............)...§..§.'.v!
####...#≈≈≈≈≈.§§§≈§≈≈§°.§§≈2≈#≈≈.
...?...#####§.≈#######≈&≈######§.
......## ##'## ##1## ## .)...## ≈
#...# #.°.# '''### ≈. #...# #°).#
...≈##§§§ #...# #...# ...≈≈≈§.§
##### #####


You could see Cerebov (fast) and a hellion (summoned).

Vanquished Creatures
  A pandemonium lord (Pan)
  4 dread liches
  2 ancient liches
  2 orbs of fire
  Mara (Snake:4)
  A juggernaut (Depths:3)
  Sojobo (Vaults:5)
  Vv (Zot:2)
  6 Killer Klowns
  Geryon (Hell)
  2 curse toes
  Saint Roka (Orc:2)
  Nikola (Swamp:1)
  14 golden dragons
  Jory (Vaults:4)
  8 bone dragons
  A Brimstone Fiend (Pan)
  2 electric golems (Zot:5)
  A shard shrike zombie (Hell)
  Jorgrun (D:13)
  6 liches
  Rupert (Snake:1)
  24 Orb Guardians (Zot:5)
  9 titans
  26 tentacled monstrosities
  2 walking divine tomes
  2 deep elf blademasters (Elf:3)
  4 quicksilver dragons
  8 acid blobs (Slime:5)
  A deep elf master archer (Elf:3)
  6 death cobs
  5 Executioners
  3 sphinxes
  6 ancient champions (Hell)
  Frances (D:12)
  12 shadow dragons
  10 tentacled starspawn
  Kirke (D:14)
  The ghost of Malachi the Bludgeoner, an adept AtFi of Jiyva (Swamp:1)
  14 storm dragons
  Roxanne (D:14)
  13 tengu reavers
  3 draconian monks
  5 rockslimes
  3 thorn hunters
  8 nagarajas
  A fenstrider witch (Swamp:1)
  8 azure jellies
  8 daevas
  5 fire giants
  4 iron dragons
  A demonspawn warmonger (Pan)
  12 vault wardens
  Aizul (Snake:4)
  7 frost giants
  6 draconian knights
  An orc warlord (Vaults:2)
  A cacodemon (Pan)
  A curse skull (Zot:2)
  5 draconian scorchers
  2 deep elf elementalists
  6 ghost moths
  6 draconian shifters
  6 balrugs
  14 deep elf sorcerers
  18 ironbound preservers
  3 spriggan defenders
  7 war gargoyles
  3 quicksilver oozes
  An angel (Pan)
  4 draconian stormcallers
  9 draconian annihilators
  A caustic shrike skeleton (Hell)
  12 stone giants
  7 vampire knights
  8 reapers
  15 black draconians
  6 ironbound thunderhulks
  4 deep elf demonologists
  2 ophanim (Abyss:3)
  33 very ugly things
  2 eleionomae (Swamp:2)
  5 demonspawn black suns (Pan)
  5 bunyips
  6 lorocyprocas
  Azrael (D:13)
  8 dire elephants
  2 spark wasps
  11 purple draconians
  17 green draconians
  8 yellow draconians
  17 red draconians
  11 deep elf annihilators
  2 eidola (Abyss:3)
  17 white draconians
  Snorg (Lair:4)
  6 deep elf death magi
  3 green deaths
  A merfolk javelineer (Depths:3)
  5 fire dragons
  14 ettins
  13 blizzard demons
  Josephine (Orc:2)
  5 jiangshi
  An entropy weaver (Abyss:4)
  2 shambling mangroves
  13 deep elf high priests
  A fenstrider witch zombie (Hell)
  A spriggan zombie (Abyss:3)
  15 great orbs of eyes
  24 yaktaur captains
  35 vault guards
  A caustic shrike simulacrum (Abyss:3)
  7 rakshasas
  The ghost of dupek999 the Fighter, a journeyman DsDe (D:11)
  2 catoblepae
  4 spriggan air magi
  3 salamander tyrants (Snake:4)
  2 peacekeepers
  8 ice dragons
  A hell beast (Pan)
  14 hydras
  12 centaur warriors
  13 anacondas
  2 juggernaut simulacra (Pan)
  A spriggan skeleton (Hell)
  3 boulder beetles
  11 ironbound frosthearts
  10 alligators
  10 two-headed ogres
  23 dancing weapons
  14 naga warriors
  7 tengu warriors
  A satyr (Abyss:4)
  6 deep troll earth magi
  5 orc high priests
  5 spriggan berserkers
  2 vampire magi
  3 deep troll shamans
  5 shock serpents
  A shock serpent (shapeshifter) (Vaults:5)
  13 thrashing horrors
  6 hell hogs
  Urug (D:11)
  29 sun demons
  11 naga sharpshooters
  9 hell knights
  12 deep elf knights
  Sonja (D:13)
  17 wretched stars
  8 soul eaters
  A fire crab (shapeshifter) (Elf:1)
  An iron troll (Depths:4)
  7 skeletal warriors
  4 salamander mystics
  4 sixfirhies
  2 shadow wraiths (Hell)
  2 spatial maelstroms
  A spark wasp zombie (Depths:1)
  Lodul (D:14)
  A swamp dragon (shapeshifter) (Vaults:3)
  3 flayed ghosts
  47 deep trolls
  9 goliath frogs
  4 wizards
  3 glowing orange brains
  17 ironbound convokers
  2 spriggan druids
  7 naga ritualists
  2 obsidian statues
  8 bog bodies
  8 orc knights
  A golden dragon skeleton (Depths:1)
  12 swamp dragons
  Pikel (D:7)
  12 deep elf archers
  An orange crystal statue (IceCv)
  25 deep elf pyromancers
  8 lindwurms
  6 mana vipers
  7 necromancers
  2 anaconda skeletons
  2 shining eyes (Slime:5)
  7 phantasmal warriors
  17 deep elf zephyrmancers
  A wolf spider (Lair:5)
  A manticore (D:14)
  9 orc sorcerers
  A cyclops (shapeshifter) (D:13)
  8 cyclopes
  50 large abominations
  5 will-o-the-wisps
  5 oklob plants
  50 ugly things
  18 elephants
  A moth of wrath (shapeshifter) (Depths:4)
  18 salamanders
  3 worldbinders (Abyss:4)
  A black mamba (shapeshifter) (D:15)
  A frost giant skeleton (Depths:1)
  29 moths of wrath
  8 ice statues
  9 guardian serpents
  16 naga magi
  19 vault sentinels
  32 black mambas
  A draconian skeleton (Abyss:3)
  10 rust devils
  2 torpor snails
  3 molten gargoyles (Hell)
  3 gargoyles
  2 eyes of devastation
  A guardian serpent (shapeshifter) (Depths:3)
  28 smoke demons
  5 apocalypse crabs
  6 orange demons
  A demonic crawler (Pan)
  11 cane toads
  3 hellions
  An unseen horror (D:11)
  4 tormentors
  10 komodo dragons
  A kobold demonologist (Depths:3)
  21 rime drakes
  3 sea snake zombies (Hell)
  2 freezing wraiths
  A komodo dragon (shapeshifter) (Elf:2)
  6 efreet
  10 hellwings
  2 alligator snapping turtle skeletons (Hell)
  37 yaktaurs
  3 tengu conjurers
  18 ancient zymes
  4 red devils
  4 sea snake skeletons (Hell)
  A silent spectre (Abyss:3)
  6 ice devils
  31 polar bears
  A meliai (shapeshifter) (Abyss:4)
  2 trolls
  9 tyrant leeches
  2 bloated husks
  A polar bear (shapeshifter) (D:14)
  The ghost of onwiheg the Cleaver, an amateur HOGl of Gozag (D:5)
  Prince Ribbit (D:6)
  13 blink frogs
  A sphinx simulacrum (Depths:1)
  27 raiju
  21 hornets
  2 alligator zombies (Hell)
  A merfolk zombie (Hell)
  93 slime creatures
  2 air elementals
  A jumping spider (Vaults:5)
  15 spriggans
  9 flying skulls
  4 shadows
  51 starcursed masses
  5 vampires
  10 ynoxinuls
  9 wyverns
  9 wraiths
  4 hogs (D:14)
  10 fire bats
  A basilisk (shapeshifter) (Abyss:3)
  2 humans (D:10)
  11 water elementals
  8 fire elementals
  A hog (shapeshifter) (Abyss:4)
  2 golden eyes (Slime:1)
  7 basilisks
  50 yaks
  4 redbacks
  8 chaos spawn
  2 sea snake simulacra (Hell)
  2 steam dragons (D:9)
  9 vampire mosquitoes
  10 neqoxecs
  A naga (shapeshifter) (Abyss:3)
  2 spatial vortices (Abyss:4)
  7 wargs
  A naga zombie (Hell)
  17 swamp worms
  63 nagas
  20 water moccasins
  Duvessa (D:6)
  5 acid dragons
  34 hell hounds
  11 swamp drakes
  An ice beast (Abyss:3)
  A sky beast (D:7)
  13 black bears
  41 orc warriors
  An ettin simulacrum (Depths:1)
  9 boggarts
  17 ogres
  18 wolves
  13 centaurs
  A lemure (D:6)
  3 phantoms
  3 kobold brigands
  5 bullfrogs
  4 gnoll sergeants
  2 necrophages
  3 earth elementals
  An ogre simulacrum (Vaults:4)
  4 scorpions
  7 wights
  20 small abominations
  Dowan (D:6)
  7 killer bees
  7 howler monkeys
  2 electric eels
  6 quasits
  10 jellies
  5 hounds
  5 iron imps (Abyss:3)
  20 orc priests
  A gnoll bouda (D:8)
  Jessica (D:3)
  6 iguanas
  23 orc wizards
  9 hell rats (Hell)
  5 lightning spires (Zot:2)
  16 gnolls
  8 adders
  2 shadow imps (Abyss:3)
  8 white imps
  5 ufetubi
  2 worms
  3 dart slugs
  72 orcs
  7 endoplasms
  2 giant cockroaches
  9 goblins
  6 hobgoblins
  8 jackals
  4 quokkas
  7 ball pythons
  5 bats
  A frilled lizard (D:3)
  8 kobolds
  3 rats
  3 bushes (D:12)
  6 fire vortices (Pan)
  2 lurking horrors
  11 starspawn tentacles
2809 creatures vanquished.

Vanquished Creatures (collateral kills)
  the Royal Jelly (Slime:5)
  An orb of fire (Zot:5)
  A shard shrike (IceCv)
  2 Killer Klowns (Zot:5)
  An Orb Guardian (Zot:5)
  2 acid blobs (Slime:5)
  4 balrugs (Pan)
  A war gargoyle (Vaults:1)
  2 hydras (Swamp:4)
  A wretched star (Abyss:4)
  10 sun demons (Pan)
  2 swamp dragons (Swamp:4)
  2 bog bodies (Swamp:4)
  A shining eye (Slime:5)
  An orange demon (Pan)
  A raiju (Abyss:4)
  A flying skull (Abyss:4)
  A neqoxec (Abyss:4)
  An orc warrior (Orc:2)
  An ogre (Orc:2)
  A starcursed mass (Abyss:4)
  An orc wizard (Orc:2)
  A white imp (Abyss:4)
  An orc (Orc:2)
41 creatures vanquished.

Vanquished Creatures (others)
  An eldritch tentacle (Zot:5)
  A frost giant (Depths:2)
  An eleionoma (Swamp:2)
  A red draconian (Zot:4)
  A fire dragon (Depths:2)
  An ice dragon (D:15)
  A caustic shrike simulacrum (Abyss:4)
  A sixfirhy (Abyss:3)
  3 bloated husks
  An air elemental (Elf:3)
  A hell hound (Hell)
  A centaur (Volcano)
  3 small abominations (Abyss:3)
  A hell rat (Hell)
  12 foxfires
  28 fungi
  3 lurking horrors
  82 plants
  21 starspawn tentacles
  6 toadstools (Swamp:3)
170 creatures vanquished.

Grand Total: 3020 creatures vanquished

Notes
Turn   | Place    | Note
-------+----------+-------------------------------------------
     0 | D:1      | 910rd the Gargoyle Fighter began the quest for the Orb.
     0 | D:1      | Reached XP level 1. HP: 14/14 MP: 1/1
    84 | D:1      | Found Hoyjaske's Book Shop.
   377 | D:1      | Reached XP level 2. HP: 12/19 MP: 2/2
   399 | D:1      | Found a faded altar of an unknown god.
   599 | D:2      | Reached XP level 3. HP: 20/23 MP: 3/3
   949 | D:2      | Reached XP level 4. HP: 6/28 MP: 4/4
  1666 | D:3      | Noticed a scorpion
  1677 | D:3      | Killed a scorpion
  1678 | D:3      | Reached XP level 5. HP: 29/32 MP: 5/5
  1758 | D:3      | Reached skill level 5 in Axes
  1768 | D:3      | Found a snail-covered altar of Cheibriados.
  1863 | D:3      | Reached XP level 6. HP: 32/38 MP: 6/6
  1979 | D:3      | Noticed Jessica
  1986 | D:3      | Killed Jessica
  2186 | D:4      | Reached skill level 5 in Fighting
  2279 | D:4      | Found a sacrificial altar of Ru.
  2328 | D:5      | Entered Level 5 of the Dungeon
  2328 | D:5      | Found Ero Feti's Antique Weapon Shoppe.
  2334 | D:5      | Identified the ring of Temptation {Contam rElec rC+ rCorr
                  | Dex+7}
  2345 | D:5      | Bought a broad axe for 88 gold pieces
  2606 | D:4      | Reached XP level 7. HP: 44/44 MP: 7/7
  2670 | D:4      | Identified the +1 pair of boots of Wudegirch {Str+5 Dex-2}
  3159 | D:5      | Found a staircase to the Ecumenical Temple.
  3165 | D:5      | Found Kiest's Specific Store.
  3166 | D:5      | Found Vocagaro's General Store.
  3191 | Temple   | Entered the Ecumenical Temple
  3628 | D:5      | Reached XP level 8. HP: 29/49 MP: 8/8
  3802 | D:5      | Found a runed translucent door.
  3803 | D:5      | Noticed onwiheg's ghost (amateur HOGl)
  4308 | D:5      | Found a radiant altar of Vehumet.
  4566 | D:6      | Found a shimmering altar of Xom.
  4591 | D:6      | Noticed Duvessa
  4591 | D:6      | Noticed Dowan
  4621 | D:6      | Killed Duvessa
  4900 | D:6      | Noticed Prince Ribbit
  4914 | D:6      | Killed Prince Ribbit
  5119 | D:6      | Reached XP level 9. HP: 54/54 MP: 9/9
  5156 | D:6      | Reached skill level 10 in Axes
  5184 | D:6      | Reached skill level 1 in Throwing
  5402 | D:6      | Found a glowing golden altar of the Shining One.
  5408 | D:6      | Became a worshipper of the Shining One
  5569 | D:6      | Found Xucs's Antique Weapon Emporium.
  5691 | D:7      | Found a broken altar of Ashenzari.
  5896 | D:7      | Noticed Pikel
  5928 | D:7      | Killed Pikel
  6442 | D:7      | Reached skill level 1 in Invocations
  6442 | D:7      | Reached XP level 10. HP: 59/59 MP: 9/11
  7259 | D:8      | Found a flagged portal.
  7269 | Bailey   | Entered a bailey
  7382 | Bailey   | Noticed an orc knight
  7401 | Bailey   | Killed an orc knight
  7402 | Bailey   | Reached skill level 5 in Invocations
  7701 | Bailey   | Found a large runed translucent door.
  7701 | Bailey   | Found a large runed translucent door.
  7702 | Bailey   | Noticed a deep elf zephyrmancer
  7702 | Bailey   | Reached * piety under the Shining One
  7703 | Bailey   | Found the +8 orange crystal plate armour {Archmagi, Int+3
                  | Clar}
  7751 | Bailey   | Killed a deep elf zephyrmancer
  8452 | D:9      | Found a stormy altar of Qazlal.
  8637 | D:9      | Noticed a centaur warrior
  8642 | D:9      | Noticed a centaur warrior
  8645 | D:9      | Killed a centaur warrior
  8648 | D:9      | Noticed an eight-headed hydra
  8719 | D:8      | Reached XP level 11. HP: 29/69 MP: 14/14
  9010 | D:9      | Found the ring of the Tortoise {AC+8}
  9219 | D:9      | Killed an eight-headed hydra
  9220 | D:9      | Reached skill level 10 in Fighting
  9222 | D:9      | Reached skill level 5 in Armour
  9599 | D:9      | Killed a centaur warrior
  9697 | D:9      | Noticed a cyclops
  9709 | D:9      | Killed a cyclops
  9790 | D:9      | Reached skill level 5 in Dodging
  9924 | D:10     | Entered Level 10 of the Dungeon
 10026 | D:10     | Found an iron altar of Okawaru.
 10362 | D:10     | Found a staircase to the Orcish Mines.
 10526 | D:10     | Found a blossoming altar of Fedhas.
 10601 | D:11     | Reached ** piety under the Shining One
 10635 | D:11     | Noticed Urug
 10748 | D:11     | Noticed a boulder beetle
 10760 | D:11     | Killed a boulder beetle
 10789 | D:11     | Reached XP level 12. HP: 77/77 MP: 17/17
 10795 | D:11     | Found a transporter.
 10809 | D:11     | Noticed a two-headed ogre
 10809 | D:11     | Noticed a centaur warrior
 10809 | D:11     | Noticed dupek999's ghost (journeyman DsDe)
 10851 | D:11     | Killed Urug
 11002 | D:11     | Found a staircase to the Lair.
 11196 | D:11     | Found a transporter.
 11323 | Lair:1   | Entered Level 1 of the Lair of Beasts
 11617 | Lair:1   | Reached skill level 5 in Evocations
 12127 | Lair:2   | Identified a scroll of acquirement
 12127 | Lair:2   | Acquired 900 gold pieces
 12315 | D:6      | Bought the +8 mithril axe "Arga" {speed, Will+} for 1744
                  | gold pieces
 12315 | D:6      | Found the +8 mithril axe "Arga" {speed, Will+}
 12495 | Lair:2   | You fall into a shaft and drop 2 floors!
 12495 | Lair:4   | Found a viscous altar of Jiyva.
 12495 | Lair:4   | Found a staircase to the Slime Pits.
 12602 | Lair:4   | Found a dark tunnel.
 12611 | Volcano  | Entered a volcano
 12673 | Volcano  | Noticed a two-headed ogre
 12673 | Volcano  | Noticed a two-headed ogre
 12673 | Volcano  | Noticed a two-headed ogre
 12675 | Volcano  | Noticed a two-headed ogre
 12680 | Volcano  | Killed a two-headed ogre
 12682 | Volcano  | Killed a two-headed ogre
 12687 | Volcano  | Killed a two-headed ogre
 12692 | Volcano  | Killed a two-headed ogre
 12789 | Volcano  | Noticed a two-headed ogre
 12798 | Volcano  | Killed a two-headed ogre
 13264 | Lair:4   | Noticed Snorg
 13354 | Lair:2   | Reached *** piety under the Shining One
 13354 | Lair:2   | Noticed a catoblepas
 13488 | Lair:2   | Killed a catoblepas
 13522 | Lair:2   | Reached XP level 13. HP: 84/84 MP: 19/19
 13729 | Lair:2   | Found a staircase to the Swamp.
 13808 | Lair:2   | Found a staircase to the Snake Pit.
 15270 | Lair:4   | Reached skill level 15 in Fighting
 15539 | Lair:5   | Entered Level 5 of the Lair of Beasts
 15611 | Lair:5   | Reached **** piety under the Shining One
 15719 | Lair:5   | Gained mutation: Your large and strong wings let you fly.
                  | [Gargoyle growth]
 15719 | Lair:5   | Reached XP level 14. HP: 68/98 MP: 20/20
 15951 | Lair:4   | Killed Snorg
 16989 | Lair:5   | Reached skill level 15 in Axes
 17198 | Lair:5   | Reached ***** piety under the Shining One
 17675 | Lair:5   | Reached XP level 15. HP: 103/103 MP: 21/21
 17914 | D:12     | Noticed Frances
 17933 | D:12     | Killed Frances
 18540 | Orc:1    | Entered Level 1 of the Orcish Mines
 18697 | Orc:1    | Reached ****** piety under the Shining One
 18857 | Orc:1    | Found Maquapn's Magic Scroll Shop.
 18867 | Orc:1    | Bought a scroll of immolation for 56 gold pieces
 18907 | Orc:2    | Entered Level 2 of the Orcish Mines
 19018 | Orc:2    | Noticed Saint Roka
 19084 | Orc:2    | Found Picuocap's Vocational Training.
 19092 | Orc:2    | Noticed Josephine
 19109 | Orc:2    | Killed Josephine
 19130 | Orc:2    | Killed Saint Roka
 19396 | Orc:2    | Found a staircase to the Elven Halls.
 19446 | Orc:2    | Found Boassech's Armour Shop.
 19759 | Orc:2    | Reached skill level 10 in Invocations
 19987 | Orc:2    | Found Jagreas's Armour Shoppe.
 19994 | Orc:2    | Found Yshoeh Himn's Distillery.
 19996 | Orc:2    | Found Duetycia's Jewellery Shop.
 20002 | Orc:2    | Bought a potion of heal wounds for 80 gold pieces
 20002 | Orc:2    | Bought a potion of heal wounds for 80 gold pieces
 20002 | Orc:2    | Bought a potion of curing for 48 gold pieces
 20002 | Orc:2    | Bought a potion of curing for 48 gold pieces
 20276 | Orc:1    | Acquired 669 gold pieces
 20380 | Orc:2    | Bought the amulet of Kulegu Xyel {Acrobat +Blink rElec
                  | rPois Int-5} for 536 gold pieces
 20602 | Snake:1  | Entered Level 1 of the Snake Pit
 20973 | Snake:1  | Reached XP level 16. HP: 108/108 MP: 23/23
 20992 | Snake:1  | Noticed Rupert
 21002 | Snake:1  | Killed Rupert
 21445 | Orc:1    | Bought a scroll of silence for 133 gold pieces
 22302 | Snake:2  | Identified the ring "Hublyxei" {Fly Str-5 Dex+4}
 22302 | Snake:2  | Noticed a nagaraja
 22320 | Snake:2  | Killed a nagaraja
 23652 | Snake:3  | Identified the +2 leather armour "Usuon" {rF+ MP+9 Str+3}
 23712 | Snake:3  | Noticed a nagaraja
 23729 | Snake:3  | Killed a nagaraja
 23803 | Snake:4  | Entered Level 4 of the Snake Pit
 23823 | Snake:3  | Identified the +4 scimitar of the Firefly {vorpal, rF+ rC+
                  | SInv}
 24507 | Snake:3  | Reached skill level 5 in Shields
 25451 | Snake:4  | Noticed Mara
 25479 | Snake:4  | Noticed 910rd's illusion
 25694 | Snake:4  | Noticed 910rd's illusion
 25697 | Snake:4  | Noticed 910rd's illusion
 25698 | Snake:4  | Killed Mara
 25699 | Snake:4  | Reached XP level 17. HP: 76/113 MP: 20/25
 25918 | Snake:4  | Found Nuizer's General Store.
 25926 | Snake:4  | Bought a potion of cancellation for 136 gold pieces
 26642 | Snake:4  | Noticed Aizul
 26679 | Snake:4  | Killed Aizul
 26696 | Snake:4  | Reached skill level 10 in Armour
 27407 | Snake:4  | Reached skill level 10 in Shields
 27468 | Snake:4  | Got a serpentine rune of Zot
 27708 | Swamp:1  | Entered Level 1 of the Swamp
 27844 | Swamp:1  | Noticed Nikola
 28046 | Swamp:1  | Killed Nikola
 28449 | Swamp:1  | Found a transporter.
 28453 | Swamp:1  | Noticed Malachi's ghost (adept AtFi)
 28480 | Swamp:1  | Found a transporter.
 28742 | Swamp:1  | Killed Malachi's ghost
 28746 | Swamp:1  | Identified the +1 helmet of Toothy Salvation {Harm *Corrode
                  | rElec rPois}
 29065 | Swamp:2  | Reached XP level 18. HP: 122/122 MP: 27/27
 30385 | Swamp:4  | Entered Level 4 of the Swamp
 31292 | Swamp:4  | Reached skill level 10 in Evocations
 31457 | Swamp:4  | Got a decaying rune of Zot
 31874 | D:13     | Noticed Sonja
 31886 | D:13     | Killed Sonja
 31967 | D:13     | Noticed Jorgrun
 31977 | D:13     | Noticed Azrael
 31989 | D:13     | Killed Jorgrun
 31999 | D:13     | Killed Azrael
 32838 | D:14     | Noticed Roxanne
 32869 | D:14     | Reached XP level 19. HP: 121/130 MP: 28/28
 32956 | D:14     | Noticed Lodul
 32967 | D:14     | Killed Lodul
 33219 | D:14     | Noticed Kirke
 33230 | D:14     | Reached skill level 5 in Throwing
 33239 | D:14     | Killed Kirke
 33363 | D:14     | Found a gate to the Vaults.
 34124 | D:15     | Entered Level 15 of the Dungeon
 34352 | D:15     | Found Umubuigees's CLEARANCE SALE!.
 34655 | D:15     | Found a staircase to the Depths.
 34980 | Elf:1    | Entered Level 1 of the Elven Halls
 35423 | Elf:1    | Found Ysmohae's Weapon Shop.
 36184 | Elf:2    | Noticed an Ice Fiend
 37594 | Elf:2    | Reached XP level 20. HP: 134/136 MP: 30/30
 37611 | Elf:2    | Found a runed translucent gate.
 37612 | Elf:2    | Found a runed translucent gate.
 37612 | Elf:2    | Found a runed translucent gate.
 37955 | Elf:2    | Identified the +1 short sword of the Firefly {drain, rN+}
 38267 | Elf:3    | Entered Level 3 of the Elven Halls
 38312 | Elf:3    | Found a frozen archway.
 38367 | IceCv    | Entered an ice cave
 39170 | IceCv    | Noticed a shard shrike
 39240 | IceCv    | Killed a shard shrike
 39241 | IceCv    | Reached skill level 15 in Shields
 40400 | Elf:3    | Reached skill level 15 in Armour
 41055 | Elf:3    | Identified the +5 flail of the New World {elec, rN+}
 41071 | Elf:3    | Identified the +7 glaive of the Forest {protect, *Corrode
                  | Str+4 Dex+3}
 41653 | Elf:3    | Identified the +8 short sword of Ipipn {venom, Dex+4}
 42018 | Elf:3    | Got the Writings on the Winter and Venom
 42056 | Elf:3    | Got Axteduq's Book of Bewitching Glaciation
 42457 | Depths:1 | Entered Level 1 of the Depths
 42613 | Depths:1 | Reached XP level 21. HP: 127/147 MP: 31/31
 42846 | Depths:1 | Found a one-way gate to the infinite horrors of the Abyss.
 42972 | Depths:1 | Found Otilo's Book Shop.
 42972 | Depths:1 | Found Xoostrasm's Weapon Boutique.
 42977 | Depths:1 | Found a gateway to Hell.
 42987 | Depths:1 | Identified the +10 flail "Ogrebane" {vorpal, rF+ rC++}
 43590 | Depths:2 | Noticed a golden dragon
 43654 | Depths:2 | Noticed a golden dragon
 43667 | Depths:2 | Killed a golden dragon
 43720 | Depths:2 | Killed a golden dragon
 44474 | Depths:2 | Found a one-way gate leading to the halls of Pandemonium.
 45504 | Depths:3 | Found a transporter.
 45605 | Depths:3 | Found the +6 arbalest "Damnation" {damnation}
 45678 | Depths:3 | Found a transporter.
 45865 | Depths:3 | Found Meedd's Jewellery Emporium.
 45866 | Depths:3 | Found Mybacwy's Book Boutique.
 45867 | Depths:3 | Found Eror's Jewellery Emporium.
 46064 | Depths:4 | Entered Level 4 of the Depths
 46124 | Depths:4 | Noticed a golden dragon
 46147 | Depths:3 | Killed a golden dragon
 46470 | Depths:4 | Reached XP level 22. HP: 128/164 MP: 32/32
 46704 | Depths:4 | Noticed a golden dragon
 46705 | Depths:4 | Found a gate to the Realm of Zot.
 46706 | Depths:4 | Noticed a golden dragon
 46722 | Depths:4 | Killed a golden dragon
 46733 | Depths:4 | Killed a golden dragon
 47103 | Depths:4 | Found a one-way gateway to a ziggurat.
 47993 | Slime:1  | Entered Level 1 of the Pits of Slime
 48222 | Slime:5  | Entered Level 5 of the Pits of Slime
 48467 | Slime:5  | Reached skill level 27 in Fighting
 48563 | Slime:5  | Found a viscous altar of Jiyva.
 48564 | Slime:5  | Noticed the Royal Jelly
 48600 | Slime:5  | Killed the Royal Jelly
 48612 | Slime:5  | Reached skill level 15 in Invocations
 48624 | Slime:5  | Identified the ring "Earthly Heaven" {rC- rN++ Will+ AC+4
                  | Int-3}
 48786 | Slime:5  | Identified the +4 flail "Acla" {holy, *Noise rF+++ Str+3
                  | SInv}
 48844 | Slime:5  | Got a slimy rune of Zot
 48845 | Slime:5  | Identified the +4 chain mail of Mobor {rElec}
 48887 | Slime:5  | Identified the +6 halberd of Ciryroto {vorpal, rN+}
 48891 | Slime:5  | Identified the +0 ring mail of a wizard's laboratory
                  | {Int+2}
 49179 | Vaults:1 | Entered Level 1 of the Vaults
 49228 | Vaults:1 | Found a flickering gateway to a bazaar.
 49246 | Bazaar   | Entered a bazaar
 49246 | Bazaar   | Found Kakk's Assorted Antiques.
 49246 | Bazaar   | Found Gepres's Antique Weapon Emporium.
 49248 | Bazaar   | Found Pyniov's Weapon Shoppe.
 49264 | Bazaar   | Found Dinid's Weapon Emporium.
 49282 | Bazaar   | Bought a scroll of immolation for 88 gold pieces
 49282 | Bazaar   | Bought a potion of cancellation for 176 gold pieces
 49282 | Bazaar   | Bought a scroll of immolation for 88 gold pieces
 49286 | Bazaar   | Bought 6 silver javelins for 129 gold pieces
 49300 | Bazaar   | Bought 3 boomerangs of dispersal for 54 gold pieces
 49494 | Vaults:1 | Reached XP level 23. HP: 175/175 MP: 34/34
 49566 | Vaults:1 | You are sucked into a shaft and drop 1 floor!
 49783 | Abyss:2  | Cast into level 2 of the Abyss (a wizard)
 49862 | Abyss:3  | Found a corrupted altar of Lugonu.
 49893 | Abyss:3  | Gained mutation: You are frail. (-10% HP) [a neqoxec]
 49949 | Abyss:3  | Gained mutation: You expend magic power (3 MP) to
                  | strengthen your wands. [a neqoxec]
 49967 | Abyss:3  | Found a corrupted altar of Lugonu.
 50438 | Abyss:3  | Identified the +10 dagger of the Valley {chaos, Will+}
 50487 | Abyss:3  | Paralysed by you for 5 turns
 50696 | Abyss:3  | Noticed an ancient lich
 50708 | Vaults:2 | Escaped the Abyss
 51925 | Vaults:1 | Identified the +0 plate armour "Ohutookh" {Contam rElec
                  | rCorr Stlth+}
 52577 | D:13     | Lost mutation: You are frail. (-10% HP) [mutagenic glow]
 52585 | D:13     | Gained mutation: You passively dampen the noise of your
                  | surroundings. [mutagenic glow]
 52797 | Depths:1 | Voluntarily entered the Abyss.
 52965 | Abyss:3  | Found a sacrificial altar of Ru.
 52965 | Abyss:3  | Noticed an ancient lich
 52984 | Abyss:3  | Killed an ancient lich
 52985 | Abyss:3  | Found a sacrificial altar of Ru.
 53054 | Abyss:3  | Found a sacrificial altar of Ru.
 53192 | Abyss:3  | Reached XP level 24. HP: 181/181 MP: 34/34
 53465 | Abyss:3  | Noticed a dread lich
 53477 | Abyss:3  | Killed a dread lich
 53607 | Abyss:3  | 910rd: ?abyss
 53607 | Abyss:3  | 910rd: do you know if the rune is found from Abyss 3
                  | onwards?
 53918 | Abyss:3  | Noticed a dread lich
 53930 | Abyss:3  | Killed a dread lich
 54185 | Abyss:3  | Paralysed by accursed screaming for 2 turns
 54185 | Abyss:3  | syranez: Should start spawning on Abyss:3, yes
 54282 | Abyss:3  | Noticed a dread lich
 54294 | Abyss:3  | Killed a dread lich
 54456 | Abyss:4  | syranez: There :D
 54714 | Abyss:4  | 910rd: oh i lost it
 54714 | Abyss:4  | 910rd: :(
 54720 | Abyss:4  | 910rd: oh not really
 54733 | Abyss:4  | Got an abyssal rune of Zot
 54734 | Abyss:4  | syranez: Yay!
 54742 | Abyss:4  | Paralysed by accursed screaming for 2 turns
 54953 | Abyss:4  | Reached XP level 25. HP: 155/187 MP: 34/34
 55045 | Depths:1 | Escaped the Abyss
 55178 | Vaults:1 | Identified the +3 arbalest "Humouzacs" {flame, Fragile
                  | Str+10}
 56432 | Vaults:3 | Found Geistael's Armour Emporium.
 56492 | Vaults:3 | Found a staircase to the Crypt.
 56492 | Vaults:3 | Found a basalt altar of Yredelemnul.
 56493 | Vaults:3 | Found an ancient bone altar of Kikubaaqudgha.
 57651 | Vaults:4 | Found Pouqiwke's Antique Weapon Shop.
 57686 | Vaults:4 | Found Pithrul's Magic Scroll Shop.
 57694 | Vaults:4 | Bought a scroll of blinking for 97 gold pieces
 57694 | Vaults:4 | Bought a scroll of blinking for 97 gold pieces
 57826 | Vaults:4 | Reached skill level 1 in Earth Magic
 57859 | Vaults:4 | Paralysed by a Zot trap for 2 turns
 57900 | Vaults:4 | Reached skill level 1 in Transmutations
 58117 | Vaults:4 | Found Uteonloiv's Book Shoppe.
 58211 | Vaults:4 | Reached skill level 1 in Spellcasting
 58300 | Vaults:4 | 910rd: I am I too heavily armored/stupid to cast passwall?
 58656 | Vaults:4 | Noticed Jory
 58677 | Vaults:4 | Killed Jory
 59135 | Vaults:4 | Learned a level 2 spell: Passwall
 59512 | D:5      | Found Kiest's Specific Store.
 59515 | D:5      | Found Vocagaro's General Store.
 59635 | D:5      | Found Ero Feti's Antique Weapon Shoppe.
 59684 | D:5      | Found a staircase to the Ecumenical Temple.
 59956 | D:5      | Found a radiant altar of Vehumet.
 60241 | D:5      | Found a runed translucent door.
 60521 | D:5      | Killed onwiheg's ghost
 60795 | D:6      | Killed Dowan
 60855 | D:6      | Found a glowing golden altar of the Shining One.
 61020 | D:6      | Found a shimmering altar of Xom.
 61047 | D:6      | Found Xucs's Antique Weapon Emporium.
 61216 | D:11     | Killed dupek999's ghost
 61231 | D:11     | Reached skill level 5 in Earth Magic
 61238 | D:11     | Got the Handbook of the Stork
 61440 | D:14     | Killed Roxanne
 61822 | Depths:3 | Noticed a juggernaut
 61844 | Depths:3 | Reached XP level 26. HP: 54/193 MP: 35/35
 61849 | Depths:3 | Killed a juggernaut
 62044 | Depths:3 | Identified the ring of Departure {rPois rF+ rC- rN+ Dex+3}
 62086 | Depths:3 | Identified the ring of Jickoiq {Fly rElec rC+ Dex+4}
 63166 | Vaults:5 | Entered Level 5 of the Vaults
 63262 | Vaults:5 | Reached skill level 5 in Transmutations
 63549 | Vaults:5 | Identified the +9 quarterstaff "Niti" {vorpal, rC+}
 63962 | Vaults:5 | Identified the +7 plate armour of the Guild-Master {Harm
                  | Dex+4}
 64172 | Vaults:5 | Got Tiuloedu's Vellum of Lightning and the Coals
 64235 | Vaults:5 | Got a silver rune of Zot
 64547 | Vaults:5 | Identified the +9 scimitar "Teumy" {vorpal, rC+ Stlth+}
 64559 | Vaults:5 | Identified the ring of Qeburhonet {rPois rN+++ rCorr Str+3
                  | Stlth-}
 64819 | Vaults:5 | Identified the +0 chain mail "Hamifro" {*Slow rN++ Str+3
                  | Int+2}
 64907 | Vaults:5 | Identified the +1 pair of gloves "Ontad" {Dex+4}
 65026 | Vaults:5 | Noticed Sojobo
 65041 | Vaults:5 | Killed Sojobo
 65145 | Vaults:5 | Got the Secrets of the Nimbus
 65148 | Vaults:5 | Identified the +6 dire flail of Esyvioh {freeze, rN+ SInv}
 65609 | Vaults:4 | Bought a glowing broad axe for 224 gold pieces
 66339 | Hell     | Entered the Vestibule of Hell
 66339 | Hell     | Noticed Geryon
 66542 | Hell     | Reached XP level 27. HP: 199/199 MP: 35/35
 66666 | Hell     | Killed Geryon
 66903 | Hell     | Found a gateway to the ashen valley of Gehenna.
 67146 | Hell     | Found a gateway to the decaying netherworld of Tartarus.
 67307 | Hell     | Found a gateway to the freezing wastes of Cocytus.
 67412 | Hell     | Found a gateway to the Iron City of Dis.
 68601 | Vaults:3 | Identified a +9 broad axe of holy wrath (a +9 broad axe of
                  | electrocution blessed by the Shining One)
 68601 | Vaults:3 | Received a gift from the Shining One
 68862 | Orc:1    | Bought a scroll of enchant armour for 105 gold pieces
 68862 | Orc:1    | Bought a scroll of teleportation for 42 gold pieces
 68862 | Orc:1    | Bought a scroll of teleportation for 42 gold pieces
 69156 | Vaults:4 | Bought a scroll of immolation for 52 gold pieces
 69434 | Zot:1    | Entered Level 1 of the Realm of Zot
 70627 | Zot:2    | Reached skill level 10 in Throwing
 70713 | Zot:2    | Noticed an orb of fire
 70720 | Zot:2    | Gained mutation: Your muscles are strong. (Str +4, Int/Dex
                  | -1) [an orb of fire]
 70733 | Zot:2    | Gained mutation: Armour fits poorly on your strangely
                  | shaped body. [an orb of fire]
 70735 | Zot:2    | Gained mutation: You are vulnerable to cold. (rC-) [an orb
                  | of fire]
 70739 | Zot:2    | Gained mutation: Your flesh is heat resistant. (rF+) [an
                  | orb of fire]
 70747 | Zot:2    | Killed an orb of fire
 71187 | Zot:2    | Noticed Vv
 71214 | Zot:2    | Killed Vv
 72167 | Zot:3    | Reached skill level 15 in Throwing
 72822 | Zot:4    | Identified the +6 leather armour of Insatiable Hunger
                  | {rPois}
 73156 | Zot:4    | Reached skill level 10 in Dodging
 73727 | Zot:4    | Identified the ring "Xuaqa" {rPois rF+++ Str-2 Dex+4 SInv}
 74027 | Zot:4    | Identified the +0 pair of gloves of the Wasteland {+Inv}
 74550 | Zot:5    | Entered Level 5 of the Realm of Zot
 75369 | Zot:5    | Noticed a dread lich
 75385 | Zot:5    | Killed a dread lich
 75601 | Zot:5    | Noticed an orb of fire
 75608 | Zot:5    | Gained mutation: You occasionally lose the ability to drink
                  | potions when taking damage. [an orb of fire]
 75617 | Zot:5    | Lost mutation: Your muscles are strong. (Str +4, Int/Dex
                  | -1) [an orb of fire]
 75627 | Zot:5    | Gained mutation: Your body sometimes deteriorates upon
                  | taking damage. [an orb of fire]
 75628 | Zot:5    | Killed an orb of fire
 75843 | Zot:5    | Noticed an orb of fire
 75854 | Zot:5    | Gained mutation: You are very vulnerable to cold. (rC--)
                  | [an orb of fire]
 75879 | Zot:5    | Killed an orb of fire
 76246 | Zot:5    | Noticed an ancient lich
 76267 | Zot:5    | Killed an ancient lich
 77425 | Pan      | Entered Pandemonium
 77437 | Pan      | Learned a level 1 spell: Apportation
 77465 | Pan      | Reached skill level 1 in Translocations
 77562 | Pan      | Noticed Feunkoat the pandemonium lord
 77593 | Pan      | Killed Feunkoat the pandemonium lord
 77594 | Pan      | Reached skill level 5 in Translocations
 77618 | Pan      | Got a demonic rune of Zot
 77700 | Pan      | Identified the +8 whip of Kyutagh {flame, rElec rF+}
 77709 | Pan      | Found a glowing silver altar of Zin.
 78079 | Depths:3 | Escaped Pandemonium
 78083 | Pan      | Entered Pandemonium
 78376 | Pan      | Gained mutation: You have a pair of small horns on your
                  | head. [a neqoxec]
 78794 | Pan      | Found an exit through the horrors of the Abyss.
 78856 | Pan      | Noticed Giteun the pandemonium lord
 78955 | Pan      | Gained mutation: You sometimes lose your temper in combat.
                  | [a cacodemon]
 79005 | Pan      | Got the Atlas of Blasting
 79067 | Pan      | Entered the realm of Cerebov.
 79079 | Pan      | Reached skill level 27 in Armour
 79117 | Pan      | Identified the +7 rapier of Ezerodil {elec, Int+2}
 79216 | Pan      | Identified the +5 mace of the Nurturing Coward {vorpal,
                  | Fragile Will+ Dex+5}
 79303 | Pan      | Got the Tome of the Incendiary Compass
 79318 | Pan      | Found the +6 sword of Cerebov {flame}
 79318 | Pan      | Noticed Cerebov
 79366 | Pan      | HP: 9/199 [hellion/damnation[Cerebov] (20)]
 79366 | Pan      | Killed from afar by Cerebov

Illustrated notes

Levels and vault maps discovered:
D:1:      amcnicky_arrival_blooded_trapdoor, layout_rooms, serial_shops, shop,
          dilly_ecumenical_altar_fadedgnrine
D:2:      layout_loops_cross, minmay_tetromino_s2
D:3:      layout_basic, cheibriados_altar_1, uniq_jessica
D:4:      layout_basic, mainiacjoe_overflow_alcove_4
D:5:      minmay_opposing_rooms, layout_layer_cave, amcnicky_altar_gilded,
          minmay_temple_entry_glass, serial_shops, nicolae_stop_n_shop_1,
          ebering_ghost_sewer_d, nicolae_specific_store
D:6:      layout_loops_cross, nicolae_tso_swordbearing_angel,
          mainiacjoe_overflow_small_starburst, serial_shops,
          kennysheep_mini_moat, minmay_fractal_squares_diagonal_5,
          uniq_prince_ribbit1, uniq_duvessa
D:7:      layout_basic, mainiacjoe_overflow_concentric_impassable,
          chequers_serial_rivers_small_3, lightli_minifort, uniq_pikel
D:8:      layout_cave_pods, enter_bailey_2, serial_glass, glass_columns_a,
          glass_columns_b, glass_columns_a, glass_columns_b, glass_columns_b,
          glass_columns_a, abandoned_shop
D:9:      minmay_the_grid_3x2 [minmay_the_grid_outer_circle,
          minmay_the_grid_large_cup, minmay_the_grid_doors,
          minmay_the_grid_pillar_ring, minmay_the_grid_broken_lines,
          minmay_the_grid_prize_four_corners_diamond_a], layout_loops_ring,
          mainiacjoe_overflow_cross_hatched
D:10:     layout_roguey, okawaru_humans, lemuel_coloured_pillars_altar,
          orc_0_dummy
D:11:     layout_basic, david_lair_generic, nzn_ghost_randoct,
          grunt_ministairs_1, nrook_pool_corridor, uniq_urug
D:12:     layout_cave_pools, serial_park, serial_park_square3
          [serial_park_minivault_5x5_6], serial_park_square3
          [serial_park_minivault_5x5_3], serial_park_square2, serial_park_gazebo
          [serial_park_minivault_5x5_2], uniq_frances
D:13:     minmay_razor_zed, layout_basic, uniq_jorgrun, uniq_sonja, uniq_azrael
D:14:     layout_layer_cave, david_vaults_1, amcnicky_mini_rare_corridor_liquid,
          uniq_roxanne, uniq_kirke, uniq_lodul
D:15:     hangedman_depths_entry_try_elsewhere_first, layout_cave_pools,
          chequers_garden, nicolae_shop_clearance
Temple:   dshaligram_water_room_temple
Lair:1:   layout_hall_layers, chequers_serial_rivers_micro_a
Lair:2:   layout_regular_city, nicolae_swamp_entry_splash_gauntlet,
          guppyfry_snake_entry_garden, grunt_forest_small_clearing_treed
Lair:3:   layout_long_grid, serial_bayou_lagoon_a, lemuel_fruit_tree,
          grunt_megastairs_1, infiniplex_staircase_pool
Lair:4:   layout_big_grid, slime_entry_1, nicolae_volcano_entry_s_turn,
          uniq_snorg
Lair:5:   hangedman_lair_caniforms_friends, layout_layer_cave,
          hangedman_lair_tendril_chambers
Swamp:1:  layout_basic_swamp, gammafunk_ghost_berserking_beasts,
          evilmike_swamp_ruin_house_4, uniq_nikola
Swamp:2:  layout_falls_marsh, hangedman_swamp_ruin_wall, swamp_pool1
Swamp:3:  cheibrodos_swamp_tower_of_moss, layout_basic_swamp,
          nicolae_swamp_tree_designs, swamp_pool4, lightli_tree_ring
Swamp:4:  swamp_alternative, layout_basic_swamp
Snake:1:  layout_layer_cave, uniq_rupert
Snake:2:  layout_rooms
Snake:3:  layout_chambers, drop_trap, nicolae_integral_box
Snake:4:  minmay_snake_end_coiled, layout_cave_town, serial_shops,
          nicolae_lakefront_shop, uniq_mara, uniq_aizul
Slime:1:  layout_caves, basic_altar, cheibrodos_slime_lost_civilization_4
Slime:2:  layout_caves
Slime:3:  layout_caves
Slime:4:  layout_caves
Slime:5
Orc:1:    layout_caves, serial_shops, nicolae_diamond_shop,
          statue_in_the_mist_lemuel
Orc:2:    st_orc_elflike, layout_diamond_mine, basic_altar,
          nicolae_shop_vocational, uniq_josephine, uniq_saint_roka
Elf:1:    eino_elf_arrival_sip, layout_gridlike, serial_shops, shop,
          hangedman_elf_represent, minmay_misc_feat_diagonals, drop_trap
Elf:2:    nicolae_elf_blades_crystal_corner, layout_loops_corners
Elf:3:    minmay_elf_hall_x, layout_geoelf_octagon,
          portal_ice_cave_entry_ice_statue_two, minivault_14
Vaults:1: v_misc_15, nicolae_vaults_little_squares_6, grunt_vaults_hallway_long,
          vaults_standard_mumra_x, hangedman_vaults_locks,
          hangedman_vaults_snaps, v_pattern_2, nicolae_vaults_yaktaur_gun_rack,
          st_hourglassy, grunt_vaults_trifunnel,
          ontoclasm_vaults_loading_screen, vaults_dpeg_encased_lava,
          layout_vaults_ring, serial_shops, bzr_entry_road
Vaults:2: ontoclasm_vaults_ligature, v_misc_10, hangedman_vaults_slice,
          vaults_room_grid, nicolae_vaults_inception_corners, v_rooms_1,
          nicolae_vaults_ninety_degrees, nicolae_vaults_hallways_thing,
          v_pattern_4, nicolae_vaults_little_squares_2, layout_vaults_omnicross
Vaults:3: grunt_vaults_twisty, grunt_vaults_funnel,
          minmay_crypt_entry_necro_gods, v_misc_5, nicolae_vaults_back_hallway,
          vaults_dpeg_diagonal, st_cross, grunt_vaults_focal, v_misc_26,
          ontoclasm_vaults_gateway, nicolae_vaults_specimen_jars,
          nicolae_vaults_big_angled_halls, nicolae_vaults_mini_display_case,
          layout_vaults_maze_snakey, serial_shops, nicolae_lakefront_shop
Vaults:4: v_misc_9, ontoclasm_vaults_ring_small, nicolae_vaults_network_barrier,
          v_rooms_4, nicolae_vaults_three_branches, serial_ice_g,
          vaults_mumra_chevron, v_misc_26, nicolae_vaults_asterisk,
          ontoclasm_vaults_chip, layout_vaults_omnigrid, serial_shops, shop,
          shop, nicolae_diamond_shop, uniq_jory
Vaults:5: uniq_sojobo
Depths:1: layout_cave_pools, ebering_dispersal_statue_hall, hell_entry,
          abyss_entry, moated_statue, chequers_serial_rivers_micro_a,
          kennysheep_generic_room_14, firewood_loft, minmay_shoptagon,
          serial_bayou_shore_b
Depths:2: hangedman_cross_cluster, layout_honeycomb, rand_demon_pan_entry_9,
          minmay_hedge_maze, hell_entry
Depths:3: gammafunk_dig_for_victory, layout_basic, hell_entry,
          marbit_kobold_abyss_entry, serial_sigils_hangedman_gut, pan_entry,
          kennysheep_just_a_vault, minmay_shop_grove, serial_bayou_shore_a
Depths:4: grunt_crosshair, layout_cave_pools, enter_ziggurat_a,
          chequers_hall_statues_corner_a, mu_enter_wizlab_6, hell_entry,
          minivault_16, chequers_serial_rivers_micro_e
Hell
Zot:1:    layout_gridlike
Zot:2:    evilmike_crystal_ball_defense, layout_basic, uniq_vv
Zot:3:    layout_onion_interference
Zot:4:    kennysheep_oblong_rooms, layout_twisted_circle, grunt_ministairs_15
Zot:5:    layout_basic
Pan:      grunt_pan_frozen_over, layout_gridlike, evilmike_mini_pan_3x3,
          layout_chambers, evilmike_holy_pan, lemuel_hall_of_pain,
          layout_chambers, nicolae_pan_glass_arcs, layout_gridlike,
          pan_blood_fountain_small, rand_demon_6, layout_pan_divisions_a
          [pan_division_quadrant_a5, pan_division_quadrant_a3,
          pan_division_quadrant_a3, pan_division_quadrant_a4,
          pan_division_octagon_rings], rand_demon_2, layout_rooms,
          evilmike_mini_pan_doors_b, layout_stronghold,
          cerebov_grunt_fire_and_steel, layout_stronghold,
          nicolae_pan_lom_lobonic_3, nicolae_pan_sigil_obb

Skill      XL: |  1  2  3  4  5  6  7  8  9 10 11 12 13 14 15 16 17 18 19 20 21 22 23 24 25 26 27 |
---------------+----------------------------------------------------------------------------------+-----
Axes           | 2 3 4 5 7 9 11 12 15 17 18 | 18.0
Fighting       | 4 5 8 10 11 15 16 18 20 25 27 | 27.0
Armour         | 4 5 8 10 12 14 15 20 22 27 | 27.0
Throwing       | 2 4 5 8 15 | 15.0
Invocations    | 1 5 7 8 10 12 14 15 16 | 16.0
Evocations     | 3 9 10 11 12 13 | 13.0
Dodging        | 2 5 8 10 | 10.0
Shields        | 8 10 12 15 20 23 | 23.0
Earth Magic    | 6 9 |  9.0
Transmutations | 4 8 9 |  9.1
Spellcasting   | 3 4 |  4.9
Translocations | 6 |  6.0

Action                   |  1- 3 |  4- 6 |  7- 9 | 10-12 | 13-15 | 16-18 | 19-21 | 22-24 | 25-27 || total
-------------------------+-------+-------+-------+-------+-------+-------+-------+-------+-------++-------
Melee: War axe           |    71 |   166 |       |   188 |       |       |       |       |       ||   425
       Broad axe         |       |    16 |   231 |   239 |   879 |  1246 |  1558 |  1912 |  3433 ||  9514
       Morningstar       |       |       |       |    22 |       |       |       |       |       ||    22
       Battleaxe         |       |       |       |       |     4 |       |       |       |       ||     4
       Headbutt          |       |       |       |       |       |       |       |       |    60 ||    60
Throw: Dart              |       |     4 |     8 |     8 |       |     6 |       |       |       ||    26
       Throwing net      |       |       |       |       |       |       |       |     1 |       ||     1
       Javelin           |       |       |       |       |       |       |       |       |     8 ||     8
 Cast: Passwall          |       |       |       |       |       |       |       |       |    16 ||    16
       Apportation       |       |       |       |       |       |       |       |       |     5 ||     5
Invok: Divine Shield     |       |       |       |       |     1 |     1 |       |     2 |     4 ||     8
       Summon Divine War |       |       |       |       |     1 |     1 |     1 |     3 |     5 ||    11
       Cleansing Flame   |       |       |       |       |       |     2 |     2 |     2 |     7 ||    13
       Brand Weapon With |       |       |       |       |       |       |       |       |     1 ||     1
 Abil: Evoke Blink       |       |       |       |       |     1 |     1 |       |     1 |       ||     3
Evoke: Wand              |       |       |     2 |    20 |     2 |    17 |     6 |     4 |     6 ||    57
       Tin of tremorston |       |       |       |       |       |     3 |     2 |     3 |     4 ||    12
       Box of beasts     |       |       |       |       |       |       |       |     2 |       ||     2
       Condenser vane    |       |       |       |       |       |       |       |     1 |       ||     1
       Phantom mirror    |       |       |       |       |       |       |       |       |     2 ||     2
  Use: Potion            |     1 |       |     1 |     4 |       |     2 |     1 |     8 |     8 ||    25
       Scroll            |       |     6 |     5 |     7 |     6 |    12 |     4 |     3 |    29 ||    72
Armor: Scale mail        |    40 |   101 |   104 |    79 |       |       |       |       |       ||   324
       Troll leather arm |       |       |       |    41 |       |       |       |       |       ||    41
       Acid dragon scale |       |       |       |    24 |       |       |       |       |       ||    24
       Chain mail        |       |       |       |    71 |   420 |   139 |       |       |       ||   630
       Crystal plate arm |       |       |       |       |       |   598 |   673 |   731 |   441 ||  2443
       Pearl dragon scal |       |       |       |       |       |       |       |       |    76 ||    76
       Gold dragon scale |       |       |       |       |       |       |       |       |   775 ||   775
Dodge: Dodged            |    51 |    89 |   183 |   344 |   416 |   462 |   386 |   498 |   614 ||  3043
Block: Buckler           |    19 |    30 |    62 |   111 |   163 |    29 |       |       |       ||   414
       Kite shield       |       |       |       |       |       |   586 |   664 |   675 |       ||  1925
       Tower shield      |       |       |       |       |       |       |       |   565 |  2737 ||  3302
       Reflection        |       |       |       |       |       |       |       |    20 |    98 ||   118

Table legend: (Time is in decaauts)
 A = Elapsed time spent in this place.
 B = Non-inter-level travel time spent in this place.
 C = Inter-level travel time spent in this place.
 D = Time resting spent in this place.
 E = Time spent auto-exploring this place.
 F = Levels seen in this place.
 G = Mean time per level.
                   A        B        C        D        E       F      G
               +--------+--------+--------+--------+--------+-----+--------+
         Total |  75796 |  64214 |  11582 |   8732 |  35828 |  71 | 1067.5 |
       Dungeon |  19420 |  15460 |   3960 |   1060 |  11176 |  15 | 1294.7 |
        Temple |     97 |     91 |      6 |      0 |      0 |   1 |   97.0 |
          Lair |   7213 |   5397 |   1816 |    624 |   3592 |   5 | 1442.6 |
         Swamp |   3582 |   3158 |    424 |    582 |   1755 |   4 |  895.5 |
     Snake Pit |   7021 |   6010 |   1011 |    927 |   3802 |   4 | 1755.2 |
    Slime Pits |   1062 |   1004 |     58 |    308 |     97 |   5 |  212.4 |
  Orcish Mines |   2541 |   1595 |    946 |    153 |   1003 |   2 | 1270.5 |
   Elven Halls |   5790 |   5086 |    704 |    951 |   2936 |   3 | 1930.0 |
        Vaults |   9311 |   7935 |   1376 |   1244 |   4005 |   5 | 1862.2 |
        Depths |   6141 |   5323 |    818 |   1252 |   2770 |   4 | 1535.2 |
          Hell |    726 |    726 |      0 |      0 |    301 |   1 |  726.0 |
           Zot |   6503 |   6044 |    459 |    574 |   3206 |   5 | 1300.6 |
         Abyss |   2651 |   2651 |      0 |    343 |    347 |   4 |  662.8 |
   Pandemonium |   1809 |   1809 |      0 |    167 |    253 |   9 |  201.0 |
        Bazaar |     71 |     71 |      0 |      0 |     22 |   1 |   71.0 |
        Bailey |    543 |    543 |      0 |    244 |     14 |   1 |  543.0 |
      Ice Cave |    934 |    934 |      0 |    188 |    441 |   1 |  934.0 |
       Volcano |    373 |    373 |      0 |    113 |    106 |   1 |  373.0 |
               +--------+--------+--------+--------+--------+-----+--------+

Top non-repeatable levels by time:
   Elf:3: 2951 daAuts
 Snake:3: 2621 daAuts
     D:5: 2553 daAuts
Vaults:5: 2227 daAuts
 Abyss:3: 2181 daAuts
 Snake:4: 2108 daAuts
  Lair:5: 2098 daAuts
Vaults:2: 2097 daAuts
    D:13: 2085 daAuts
Depths:3: 2035 daAuts
Vaults:1: 1871 daAuts
  Lair:1: 1783 daAuts
Depths:2: 1723 daAuts
    D:14: 1714 daAuts
     D:6: 1660 daAuts
